 Dungeon Crawl Stone Soup version 0.31-a0-536-ga3e2962e35 (webtiles) character file.

Game seed: 18274722865763334257

1290 Ethylacetat the Sneak (level 8, -2/55 HPs)
             Began as an Octopode Gladiator on Aug 13, 2023.
             Slain by Pikel
             ... wielding a +2 whip of electrocution
              (10 damage)
             ... on level 5 of the Dungeon.
             The game lasted 00:07:09 (4002 turns).

Ethylacetat the Sneak (Octopode Gladiator)          Turns: 4002, Time: 00:07:10

Health: -2/55      AC:  1    Str: 13    XL:     8   Next: 55%
Magic:  8/8        EV: 15    Int: 10    God:
Gold:   235        SH:  0    Dex: 16    Spells: 7/7 levels left

rFire   . . .        c - +2 dagger (venom)
rCold   . . .        l - orb {light}
rNeg    . . .        b - +0 hat
rPois   .            (no amulet)
rElec   .            (no ring)
rCorr   .            (no ring)
SInv    .            (no ring)
Will    .....        (no ring)
Stlth   ++           (no ring)
HPRegen 0.29/turn    (no ring)
MPRegen 0.11/turn    (no ring)
                     (no ring)

%: no passive effects
@: glowing
A: almost no armour, amphibious, 8 rings, camouflage 1, gelatinous body 1,
(nimble swimmer 1), tentacles
a: no special abilities


You were on level 5 of the Dungeon.
You visited 1 branch of the dungeon, and saw 5 of its levels.
You also visited: Sewer.

You collected 235 gold pieces.

Inventory:

Hand Weapons
 c - a +2 dagger of venom (weapon)
 x - a +1 dagger of protection
Missiles
 u - 3 curare-tipped darts
Armour
 b - a +0 hat (worn)
 l - an orb of light (worn)
Talismans
 m - a flux talisman
Scrolls
 a - a scroll of fear {unknown}
 d - a scroll of brand weapon {unknown}
 f - 6 scrolls of identify {unknown}
 g - a scroll of amnesia {unknown}
 h - 4 scrolls of teleportation {unknown}
 i - 2 scrolls of blinking {unknown}
 k - 2 scrolls of torment {unknown}
 p - 2 scrolls of enchant armour {unknown}
 t - 2 scrolls of poison {unknown}
 v - a scroll of revelation {unknown}
 w - a scroll of fog {unknown}
Potions
 e - 6 potions of curing
 j - 2 potions of enlightenment {unknown}
 n - 5 potions of brilliance {unknown}
 o - a potion of berserk rage {unknown}
 q - 3 potions of heal wounds {unknown}
 r - a potion of lignification {unknown}
 s - a potion of attraction {unknown}
 z - a potion of mutation {unknown}


   Skills:
 + Level 5.0 Fighting
 - Level 4.2 Long Blades
 - Level 2.0 Throwing
 + Level 5.5 Dodging
 + Level 6.4 Stealth
 * Level 4.1 Shapeshifting


You had 7 spell levels left.
You didn't know any spells.
Your spell library contained the following spells:

 Spells                   Type           Power      Damage    Failure   Level
 Apportation              Tloc           0%         N/A       36%         1
 Magic Dart               Conj           0%         1d3       36%         1
 Searing Ray              Conj           0%         2d4       50%         2
 Summon Guardian Golem    Hex/Summ       0%         N/A       75%         3
 Fulminant Prism          Conj/Hex       0%         3d5       98%         4
 Alistair's Intoxication  Tmut/Pois      0%         N/A       100%        5
 Orb of Destruction       Conj           0%         9d5       100%        7
 Spellforged Servitor     Conj/Summ      0%         N/A       100%        7


Dungeon Overview and Level Annotations

Branches:
Dungeon (5/15)              Sewer (visited)
 Temple: D:4-7

Altars:
Kikubaaqudgha
Makhleb

Shops:
D:2 *

Annotations:
D:5 Pikel


Innate Abilities, Weirdness & Mutations

You cannot wear most types of armour.
You are amphibious.
You can wear up to eight rings at the same time.
Your skin changes colour to match your surroundings (Stealth+).
Your rubbery body absorbs attacks. (AC +1, EV +1)
((You are camouflaged when in or above water. (Stealth+)))
You have tentacles for arms and can constrict up to eight enemies at once.


Message History

You hit the lemure but do no damage.
The lemure is almost dead.
You constrict the lemure. The lemure misses you.
You hit the lemure but do no damage.
The lemure is almost dead.
You constrict the lemure.
You kill the lemure!
That felt strangely unrewarding.
Your +1 dagger of protection goes still.
Your +2 dagger of venom begins to drip with poison!
c - a +2 dagger of venom (weapon)
You hit Pikel. You grab Pikel. You squeeze Pikel, but do no damage.
Pikel is lightly wounded.
You constrict Pikel. You hit Pikel but do no damage.
Pikel is poisoned.
Pikel is lightly wounded.
You constrict Pikel, but do no damage. You hit Pikel.
Pikel looks as sick as possible!
Pikel is moderately wounded.
You constrict Pikel. Pikel barely misses you.
You hit Pikel but do no damage.
Pikel is moderately wounded.
You constrict Pikel.
Pikel cracks his whip.
Pikel misses you.
You hit Pikel but do no damage.
Pikel looks as sick as possible!
Pikel is moderately wounded.
You constrict Pikel.
Pikel hits you with a +2 whip of electrocution!
* * * LOW HITPOINT WARNING * * *
You are electrocuted!
* * * LOW HITPOINT WARNING * * *
You hit Pikel but do no damage.
Pikel is severely wounded.
You constrict Pikel. Pikel closely misses you.
You hit Pikel but do no damage.
Pikel is severely wounded.
You constrict Pikel, but do no damage.
Pikel hits you with a +2 whip of electrocution!
You die...

.# #........#
#.# .#
#........# #.# #
#........# #.#
#........# #.#
#........# #.#
#..(.....# #.#
#......55# #.#
#......5K#####.#
#.##+####@.....#
..
........###### #
######.:# #..#
...# #.... ..###
...


You could see Pikel (extremely poisoned) and 3 lemures.

Vanquished Creatures
  Sigmund (D:2)
  Duvessa (D:5)
  2 ogres (D:4)
  A lemure (D:5)
  5 kobold brigands (Sewer)
  A scorpion (D:4)
  Dowan (D:5)
  2 orc priests
  Jessica (D:2)
  3 orc wizards
  Robin (D:2)
  3 gnolls (D:4)
  7 adders
  3 river rats
  5 worms
  A dart slug (D:1)
  7 orcs
  4 ball pythons
  2 bats
  8 endoplasms
  5 giant cockroaches
  10 goblins
  10 hobgoblins
  8 jackals
  3 quokkas
  11 kobolds
  3 rats
109 creatures vanquished.

Notes
Turn   | Place    | Note
-------+----------+-------------------------------------------
     0 | D:1      | Ethylacetat the Octopode Gladiator began the quest for the
                  | Orb.
     0 | D:1      | Reached XP level 1. HP: 14/14 MP: 1/1
   222 | D:1      | Reached skill level 1 in Stealth
   222 | D:1      | Reached XP level 2. HP: 19/19 MP: 2/2
   632 | D:2      | Noticed Sigmund
   694 | D:2      | Killed Sigmund
   695 | D:2      | Reached skill level 3 in Stealth
   695 | D:2      | Reached XP level 3. HP: 10/26 MP: 3/3
   695 | D:2      | Reached XP level 4. HP: 12/31 MP: 4/4
   695 | D:2      | Reached XP level 5. HP: 14/36 MP: 5/5
   872 | D:2      | Found a faded altar of an unknown god.
   883 | D:2      | Noticed Robin
   916 | D:2      | Killed Robin
  1100 | D:2      | Noticed Jessica
  1105 | D:2      | Killed Jessica
  1106 | D:2      | Reached XP level 6. HP: 42/42 MP: 6/6
  1518 | D:2      | Found Hehics's General Store.
  1539 | D:2      | Found an ancient bone altar of Kikubaaqudgha.
  1635 | D:2      | Reached skill level 4 in Stealth
  2218 | D:4      | Reached skill level 1 in Shapeshifting
  2278 | D:4      | Reached XP level 7. HP: 26/47 MP: 7/7
  2416 | D:4      | Found a glowing drain.
  2421 | Sewer    | Entered a sewer
  2436 | Sewer    | Reached skill level 5 in Stealth
  2669 | Sewer    | Reached skill level 5 in Dodging
  2805 | Sewer    | Reached XP level 8. HP: 33/54 MP: 8/8
  3133 | D:4      | Found a burning altar of Makhleb.
  3677 | D:5      | Entered Level 5 of the Dungeon
  3698 | D:4      | Reached skill level 6 in Stealth
  3755 | D:5      | Noticed Duvessa
  3758 | D:5      | Noticed Dowan
  3766 | D:5      | Killed Dowan
  3779 | D:5      | Killed Duvessa
  3780 | D:5      | Reached skill level 5 in Fighting
  3980 | D:5      | Noticed Pikel
  4002 | D:5      | Slain by Pikel

Illustrated notes

Levels and vault maps discovered:
D:1:      dpeg_arrival_houses_and_road, layout_loops_ring
D:2:      layout_basic, serial_shops,
          nicolae_shop_temple_entry_statues_fountains, basic_altar,
          dreamdust_ecumenical_altar_grove, minmay_domino_2, uniq_jessica,
          uniq_sigmund, uniq_robin
D:3:      layout_basic, chequers_serial_rivers_micro_c, nrook_mini_vaults
D:4:      layout_basic, old_standard_altar, gup_sewer_entry_bowl,
          grunt_ministairs_4
D:5:      layout_basic, uniq_pikel, uniq_duvessa, uniq_menkaure

Skill      XL: |  1  2  3  4  5  6  7  8 |
---------------+-------------------------+-----
Stealth        | 1 3 4 5 6 |  6.4
Fighting       | 3 4 5 |  5.0
Long Blades    | 4 |  4.2
Dodging        | 4 5 |  5.5
Shapeshifting  | 1 3 4 |  4.1
Throwing       | |  2.0

Action                     |  1- 3 |  4- 6 |  7- 9 || total
---------------------------+-------+-------+-------++-------
  Melee: Long sword        |    31 |    92 |    58 ||   181
         Tentacles         |     6 |    19 |    55 ||    80
         Constrict         |     5 |    22 |    49 ||    76
         Punch             |       |     2 |     2 ||     4
         Dagger            |       |       |    93 ||    93
  Throw: Throwing net      |       |       |     3 ||     3
    Use: Potion            |       |     1 |       ||     1
   Stab: Sleeping          |     5 |     7 |     2 ||    14
         Distracted        |       |       |     1 ||     1
         Held in net/web   |       |       |     1 ||     1
 Armour: Skin              |     4 |     6 |    23 ||    33
  Dodge: Dodged            |    17 |    55 |    95 ||   167

Table legend: (Time is in decaauts)
 A = Elapsed time spent in this place.
 B = Non-inter-level travel time spent in this place.
 C = Inter-level travel time spent in this place.
 D = Time resting spent in this place.
 E = Time spent auto-exploring this place.
 F = Levels seen in this place.
 G = Mean time per level.
                   A        B        C        D        E       F      G
               +--------+--------+--------+--------+--------+-----+--------+
         Total |   4032 |   3947 |     85 |     39 |   3005 |   6 |  672.0 |
       Dungeon |   3372 |   3287 |     85 |     39 |   2508 |   5 |  674.4 |
         Sewer |    659 |    659 |      0 |      0 |    497 |   1 |  659.0 |
               +--------+--------+--------+--------+--------+-----+--------+

Top non-repeatable levels by time:
     D:2: 1134 daAuts
     D:4: 845 daAuts
     D:1: 665 daAuts
   Sewer: 659 daAuts
     D:3: 432 daAuts
     D:5: 294 daAuts
